| TOP OF THE 1ST |
|
Detroit (APP) Tigers batting - Pitching for Greeneville Astros : RHP Tony Barrios
|
|
Pitching: RHP Tony Barrios
|
|
|
Batting: LHB Timotheus Young
|
0-0: Ball 1-0: Ball 2-0: Foul Ball, location: 2F 2-1: Ball 3-1: Foul Ball, location: 2F 3-2: Base on Balls
|
|
Batting: RHB Kevin Steed
|
0-0: TRIPLE (Flyball, 78XD, EV 110.6 MPH) Timotheus Young scores
|
|
Batting: RHB Ernst Meloche
|
0-0: Foul Ball, location: 2F 0-1: Foul Ball, location: 2F 0-2: DOUBLE (Flyball, 8RXD, EV 90.0 MPH) Kevin Steed scores
|
|
Batting: RHB Norm Wood
|
0-0: 2-RUN HOME RUN (Flyball, 7D, EV 96.2 MPH), Distance : 374 ft
|
|
Batting: RHB Nate Dabney
|
0-0: Ball 1-0: Ball 2-0: Ball 3-0: Ground out 5-3 (Groundball, 56, EV 106.9 MPH)
|
|
Batting: SHB Ronnie Lundy
|
0-0: Swinging Strike 0-1: Swinging Strike 0-2: Strikes out swinging
|
|
Batting: LHB Glen Boyle
|
0-0: Ball 1-0: Ball 2-0: Ball 3-0: Called Strike 3-1: Base on Balls
|
|
Batting: RHB George Sonier
|
0-0: Called Strike 0-1: Ball 1-1: Ball 2-1: Swinging Strike 2-2: Foul Ball, location: 2F 2-2: SINGLE (Flyball, 34D, EV 91.9 MPH) Glen Boyle to second Runner from 2nd tries for 3rd, OUT! 9-5
|
| Top of the 1st over - 4 runs, 4 hits, 0 errors, 1 left on base; Detroit (APP) 4 - Greeneville 0 |
| BOTTOM OF THE 1ST |
|
Greeneville Astros batting - Pitching for Detroit (APP) Tigers : LHP Jayden Carey
|
|
Pitching: LHP Jayden Carey
|
|
|
Batting: LHB Lou Toth
|
0-0: Ball 1-0: Ball 2-0: Ball 3-0: Base on Balls
|
|
Batting: RHB Hugo Priego
|
0-0: Swinging Strike 0-1: Ball 1-1: Ball 2-1: Ball 3-1: Called Strike 3-2: Ground out 6-3 (Groundball, 6, EV 96.9 MPH) Lou Toth to second
|
|
Batting: RHB Drew Coleman
|
0-0: Called Strike 0-1: Ball 1-1: SINGLE (Line Drive, 7S, EV 100.6 MPH) Lou Toth to third Runner from 3rd tries for Home, SAFE, throw by LF to home
|
|
Batting: RHB Areda Obote
|
0-0: Called Strike 0-1: Called Strike 0-2: Ball 1-2: Foul Ball, location: 2F 1-2: Foul Ball, location: 2F 1-2: Foul Ball, location: 2F 1-2: Strikes out swinging
|
|
Batting: RHB John Moore
|
0-0: Ground out 4-3 (Groundball, 4, EV 106.9 MPH)
|
| Bottom of the 1st over - 1 run, 1 hit, 0 errors, 1 left on base; Detroit (APP) 4 - Greeneville 1 |
| TOP OF THE 2ND |
|
Detroit (APP) Tigers batting - Pitching for Greeneville Astros : RHP Tony Barrios
|
|
Batting: SHB Salvador Lacosta
|
0-0: Ground out U3 (Groundball, 3, EV 101.2 MPH)
|
|
Batting: LHB Timotheus Young
|
0-0: Ball 1-0: Ball 2-0: Ball 3-0: Base on Balls
|
|
Batting: RHB Kevin Steed
|
0-0: TRIPLE (Line Drive, 9D, EV 103.8 MPH) Timotheus Young scores
|
|
Batting: RHB Ernst Meloche
|
0-0: Ball 1-0: DOUBLE (Line Drive, 3D, EV 96.2 MPH) Kevin Steed scores
|
|
Pitching: RHP Ernie Bell
|
|
|
Batting: RHB Norm Wood
|
0-0: DOUBLE (Line Drive, 9LM, EV 95.0 MPH) Ernst Meloche scores
|
|
Batting: RHB Nate Dabney
|
0-0: Called Strike 0-1: Ball 1-1: Foul Ball, location: 2F 1-2: SINGLE (Groundball, 6MD, EV 96.9 MPH) Norm Wood to third Runner from 3rd tries for Home, SAFE, throw by CF to home Nate Dabney to second
|
|
Batting: SHB Ronnie Lundy
|
0-0: Ball 1-0: Swinging Strike 1-1: Called Strike 1-2: Ground out 4-3 (Groundball, 4, EV 85.6 MPH) Nate Dabney to third
|
|
Batting: LHB Glen Boyle
|
0-0: Called Strike 0-1: Swinging Strike 0-2: Ball 1-2: DOUBLE (Line Drive, 7LM, EV 91.2 MPH) Nate Dabney scores
|
|
Batting: RHB George Sonier
|
0-0: Called Strike 0-1: Called Strike 0-2: Ball 1-2: Ball 2-2: Foul Ball, location: 2F 2-2: Ball 3-2: Strikes out swinging
|
| Top of the 2nd over - 5 runs, 5 hits, 0 errors, 1 left on base; Detroit (APP) 9 - Greeneville 1 |
| BOTTOM OF THE 2ND |
|
Greeneville Astros batting - Pitching for Detroit (APP) Tigers : LHP Jayden Carey
|
|
Batting: RHB Keith Goodwin
|
0-0: Called Strike 0-1: Ball 1-1: Foul Ball, location: 2F 1-2: Strikes out looking
|
|
Batting: LHB Guadalupe Gonzalez
|
0-0: Swinging Strike 0-1: Called Strike 0-2: Foul Ball, location: 2F 0-2: Ball 1-2: Ball 2-2: Foul Ball, location: 2F 2-2: Strikes out swinging
|
|
Batting: RHB Domingas Saragoa
|
0-0: Ball 1-0: Foul Ball, location: 2F 1-1: Ball 2-1: Called Strike 2-2: Foul Ball, location: 2F 2-2: Ball 3-2: Strikes out swinging
|
| Bottom of the 2nd over - 0 runs, 0 hits, 0 errors, 0 left on base; Detroit (APP) 9 - Greeneville 1 |
| TOP OF THE 3RD |
|
Detroit (APP) Tigers batting - Pitching for Greeneville Astros : RHP Ernie Bell
|
|
Batting: SHB Salvador Lacosta
|
0-0: Called Strike 0-1: Swinging Strike 0-2: Ground out U3 (Groundball, 3, EV 93.8 MPH)
|
|
Batting: LHB Timotheus Young
|
0-0: Foul Ball, location: 2F 0-1: Foul Ball, location: 2F 0-2: Ball 1-2: Strikes out swinging
|
|
Batting: RHB Kevin Steed
|
0-0: Ball 1-0: Ball 2-0: Foul Ball, location: 2F 2-1: Foul Ball, location: 2F 2-2: SINGLE (Line Drive, 7S, EV 96.2 MPH)
|
|
Pitching: RHP Vinny Salazar
|
|
|
Batting: RHB Ernst Meloche
|
0-0: Ball 1-0: Foul Ball, location: 2F 1-1: Called Strike 1-2: Ground out 4-3 (Groundball, 4, EV 109.4 MPH)
|
| Top of the 3rd over - 0 runs, 1 hit, 0 errors, 1 left on base; Detroit (APP) 9 - Greeneville 1 |
| BOTTOM OF THE 3RD |
|
Greeneville Astros batting - Pitching for Detroit (APP) Tigers : LHP Jayden Carey
|
|
Batting: RHB Devon Healy
|
0-0: Ball 1-0: Foul Ball, location: 2F 1-1: Ball 2-1: Foul Ball, location: 2F 2-2: Strikes out swinging
|
|
Batting: LHB Lou Toth
|
0-0: Ball 1-0: Swinging Strike 1-1: Foul Ball, location: 2F 1-2: Ball 2-2: Ball 3-2: Base on Balls
|
|
Batting: RHB Hugo Priego
|
0-0: Foul Ball, location: 2F 0-1: Foul Ball, location: 2F 0-2: Foul Ball, location: 2F 0-2: Ball 1-2: Grounds into double play, 5-4-3 (Groundball, 56, EV 103.1 MPH)
|
| Bottom of the 3rd over - 0 runs, 0 hits, 0 errors, 0 left on base; Detroit (APP) 9 - Greeneville 1 |
| TOP OF THE 4TH |
|
Detroit (APP) Tigers batting - Pitching for Greeneville Astros : RHP Vinny Salazar
|
|
Batting: RHB Norm Wood
|
0-0: Ball 1-0: Called Strike 1-1: SOLO HOME RUN (Flyball, 7D, EV 103.8 MPH), Distance : 385 ft
|
|
Batting: RHB Nate Dabney
|
0-0: Ball 1-0: Ball 2-0: Ground out 1-3 (Groundball, 13, EV 67.5 MPH)
|
|
Batting: SHB Ronnie Lundy
|
0-0: Foul Ball, location: 2F 0-1: Ball 1-1: Ground out U3 (Groundball, 3, EV 86.2 MPH)
|
|
Batting: LHB Glen Boyle
|
0-0: Foul Ball, location: 2F 0-1: Ball 1-1: Ground out U3 (Groundball, 34S, EV 70.0 MPH)
|
| Top of the 4th over - 1 run, 1 hit, 0 errors, 0 left on base; Detroit (APP) 10 - Greeneville 1 |
| BOTTOM OF THE 4TH |
|
Greeneville Astros batting - Pitching for Detroit (APP) Tigers : LHP Jayden Carey
|
|
Batting: RHB Drew Coleman
|
0-0: Foul Ball, location: 2F 0-1: Ball 1-1: Foul Ball, location: 2F 1-2: Ball 2-2: Foul Ball, location: 2F 2-2: Ground out 4-3 (Groundball, 4, EV 101.9 MPH)
|
|
Batting: RHB Areda Obote
|
0-0: Ball 1-0: Called Strike 1-1: DOUBLE (Line Drive, 9LM, EV 101.2 MPH)
|
|
Batting: RHB John Moore
|
0-0: Ball 1-0: Swinging Strike 1-1: Foul Ball, location: 2F 1-2: Foul Ball, location: 2F 1-2: Ball 2-2: Ball 3-2: Base on Balls
|
|
Batting: RHB Keith Goodwin
|
0-0: Ball 1-0: Called Strike 1-1: Swinging Strike 1-2: SINGLE (Line Drive, 6MD, EV 105.0 MPH) Areda Obote to third John Moore to second
|
|
Batting: LHB Guadalupe Gonzalez
|
0-0: Swinging Strike 0-1: Ball 1-1: Ball Wild Pitch! Areda Obote scores John Moore to third Keith Goodwin to second 2-1: Foul Ball, location: 2F 2-2: Ball 3-2: Foul Ball, location: 2F 3-2: Foul Ball, location: 2F 3-2: Base on Balls
|
|
Batting: RHB Domingas Saragoa
|
0-0: Ball 1-0: Foul Ball, location: 2F 1-1: Called Strike 1-2: DOUBLE (Line Drive, 9LS, EV 100.6 MPH) John Moore scores Keith Goodwin scores Guadalupe Gonzalez to third Runner from 3rd tries for Home, SAFE, throw by RF to trailing runner, OUT at third! 9-3-5
|
|
Batting: RHB Devon Healy
|
0-0: Foul Ball, location: 2F 0-1: Ball 1-1: Ground out 6-3 (Groundball, 6, EV 81.2 MPH)
|
| Bottom of the 4th over - 4 runs, 3 hits, 0 errors, 0 left on base; Detroit (APP) 10 - Greeneville 5 |
| TOP OF THE 5TH |
|
Detroit (APP) Tigers batting - Pitching for Greeneville Astros : RHP Vinny Salazar
|
|
Batting: RHB George Sonier
|
0-0: Swinging Strike 0-1: Swinging Strike 0-2: Ball 1-2: Ball 2-2: Ball 3-2: Strikes out swinging
|
|
Batting: SHB Salvador Lacosta
|
0-0: Ball 1-0: Called Strike 1-1: Ball 2-1: Foul Ball, location: 2F 2-2: Foul Ball, location: 2F 2-2: Foul Ball, location: 2F 2-2: Foul Ball, location: 2F 2-2: Strikes out swinging
|
|
Pitching: RHP Kuaika Anakala
|
|
|
Batting: LHB Timotheus Young
|
0-0: Foul Ball, location: 2F 0-1: Ground out 4-3 (Groundball, 4, EV 93.8 MPH)
|
| Top of the 5th over - 0 runs, 0 hits, 0 errors, 0 left on base; Detroit (APP) 10 - Greeneville 5 |
| BOTTOM OF THE 5TH |
|
Greeneville Astros batting - Pitching for Detroit (APP) Tigers : LHP Jayden Carey
|
|
Batting: LHB Lou Toth
|
0-0: Ball 1-0: Swinging Strike 1-1: Swinging Strike 1-2: Strikes out swinging
|
|
Batting: RHB Hugo Priego
|
0-0: Called Strike 0-1: Called Strike 0-2: Ball 1-2: Ball 2-2: Foul Ball, location: 2F 2-2: Foul Ball, location: 2F 2-2: SINGLE (Line Drive, 5D, EV 101.9 MPH)
|
|
Batting: RHB Drew Coleman
|
0-0: Swinging Strike 0-1: Fly out, F8 (Line Drive, 8LXD, EV 98.1 MPH)
|
|
Batting: RHB Areda Obote
|
0-0: Called Strike 0-1: Called Strike 0-2: Strikes out swinging
|
| Bottom of the 5th over - 0 runs, 1 hit, 0 errors, 1 left on base; Detroit (APP) 10 - Greeneville 5 |
| TOP OF THE 6TH |
|
Detroit (APP) Tigers batting - Pitching for Greeneville Astros : RHP Kuaika Anakala
|
|
Batting: RHB Kevin Steed
|
0-0: Called Strike 0-1: Swinging Strike 0-2: Fly out, F8 (Flyball, 89D, EV 100.6 MPH)
|
|
Batting: RHB Ernst Meloche
|
0-0: Ball 1-0: Called Strike 1-1: Ball 2-1: Ball 3-1: Base on Balls
|
|
Batting: RHB Norm Wood
|
0-0: Ball Passed Ball! Ernst Meloche to second 1-0: Swinging Strike 1-1: Called Strike 1-2: Ball Wild Pitch! Ernst Meloche to third 2-2: Foul Ball, location: 2F 2-2: Ball 3-2: Base on Balls
|
|
Batting: RHB Nate Dabney
|
0-0: Grounds into double play, 4-6-3 (Groundball, 4, EV 90.6 MPH)
|
| Top of the 6th over - 0 runs, 0 hits, 0 errors, 1 left on base; Detroit (APP) 10 - Greeneville 5 |
| BOTTOM OF THE 6TH |
|
Greeneville Astros batting - Pitching for Detroit (APP) Tigers : LHP Jayden Carey
|
|
Pitching: LHP Jim Belcher
|
|
|
Batting: RHB John Moore
|
0-0: Fly out, F2 (Popup, 23F, EV 80.6 MPH)
|
|
Batting: RHB Keith Goodwin
|
0-0: Called Strike 0-1: Ball 1-1: Swinging Strike 1-2: Ball 2-2: Strikes out swinging
|
|
Batting: LHB Guadalupe Gonzalez
|
0-0: Ball 1-0: Foul Ball, location: 2F 1-1: Swinging Strike 1-2: Foul Ball, location: 2F 1-2: Ball 2-2: Ground out U3 (Groundball, 34, EV 101.9 MPH)
|
| Bottom of the 6th over - 0 runs, 0 hits, 0 errors, 0 left on base; Detroit (APP) 10 - Greeneville 5 |
| TOP OF THE 7TH |
|
Detroit (APP) Tigers batting - Pitching for Greeneville Astros : RHP Kuaika Anakala
|
|
Batting: SHB Ronnie Lundy
|
0-0: Ball 1-0: Foul Ball, location: 2F 1-1: Called Strike 1-2: SINGLE (Flyball, 6D, EV 86.2 MPH)
|
|
Pitching: RHP Marc Marchand
|
|
|
Batting: LHB Glen Boyle
|
0-0: Ball 1-0: Called Strike 1-1: 2-RUN HOME RUN (Flyball, 9LD, EV 91.2 MPH), Distance : 352 ft
|
|
Batting: RHB George Sonier
|
0-0: Called Strike 0-1: Called Strike 0-2: Ball 1-2: Foul Ball, location: 2F 1-2: Foul Ball, location: 2F 1-2: Foul Ball, location: 2F 1-2: Ball 2-2: Foul Ball, location: 2F 2-2: Ball 3-2: Fly out, F8 (Flyball, 8LD, EV 84.4 MPH)
|
|
Batting: SHB Salvador Lacosta
|
0-0: SINGLE (Groundball, 4MD, EV 104.4 MPH)
|
|
Batting: LHB Timotheus Young
|
0-0: Ball 1-0: Foul Ball, location: 2F 1-1: Foul Ball, location: 2F 1-2: Hit by Pitch Salvador Lacosta to second
|
|
Batting: RHB Kevin Steed
|
0-0: Ball 1-0: Ball 2-0: Swinging Strike 2-1: Foul Ball, location: 2F 2-2: Ball 3-2: Ground out U3 (Groundball, 3S, EV 67.5 MPH) Salvador Lacosta to third Timotheus Young to second
|
|
Batting: RHB Ernst Meloche
|
0-0: Ball 1-0: Swinging Strike 1-1: Ball 2-1: Ball 3-1: Foul Ball, location: 2F 3-2: Base on Balls
|
|
Pitching: LHP Joey Callanta
|
|
|
Batting: RHB Norm Wood
|
0-0: Ball 1-0: Called Strike 1-1: Swinging Strike 1-2: Ball 2-2: Ball Wild Pitch! Salvador Lacosta scores Timotheus Young to third Ernst Meloche to second 3-2: Strikes out looking
|
| Top of the 7th over - 3 runs, 3 hits, 0 errors, 2 left on base; Detroit (APP) 13 - Greeneville 5 |
| BOTTOM OF THE 7TH |
|
Greeneville Astros batting - Pitching for Detroit (APP) Tigers : LHP Jim Belcher
|
|
Batting: RHB Domingas Saragoa
|
0-0: Called Strike 0-1: Ground out 5-3 (Groundball, 5, EV 102.5 MPH)
|
|
Batting: RHB Devon Healy
|
0-0: Called Strike 0-1: Swinging Strike 0-2: Ball 1-2: Foul Ball, location: 2F 1-2: Foul Ball, location: 2F 1-2: Foul Ball, location: 2F 1-2: Strikes out looking
|
|
Pinch Hitting: LHB Gong Tow
|
0-0: Ball 1-0: Ball 2-0: Ball 3-0: Called Strike 3-1: Base on Balls
|
|
Batting: RHB Hugo Priego
|
0-0: Ball 1-0: Ball 2-0: Fielders Choice at 2nd, 6-4 (Groundball, 6, EV 90.6 MPH)
|
| Bottom of the 7th over - 0 runs, 0 hits, 0 errors, 1 left on base; Detroit (APP) 13 - Greeneville 5 |
| TOP OF THE 8TH |
|
Detroit (APP) Tigers batting - Pitching for Greeneville Astros : LHP Joey Callanta
|
|
Now in RF: Gong Tow
|
|
|
Batting: RHB Nate Dabney
|
0-0: Ball 1-0: Ground out U3 (Groundball, 34S, EV 84.4 MPH)
|
|
Batting: SHB Ronnie Lundy
|
0-0: Fly out, F9 (Flyball, 9, EV 91.9 MPH)
|
|
Batting: LHB Glen Boyle
|
0-0: Ball 1-0: Called Strike 1-1: Ball 2-1: Ball 3-1: Foul Ball, location: 2F 3-2: Foul Ball, location: 2F 3-2: Base on Balls
|
|
Batting: RHB George Sonier
|
0-0: Ball 1-0: Fly out, F7 (Flyball, 7LM, EV 95.0 MPH)
|
| Top of the 8th over - 0 runs, 0 hits, 0 errors, 1 left on base; Detroit (APP) 13 - Greeneville 5 |
| BOTTOM OF THE 8TH |
|
Greeneville Astros batting - Pitching for Detroit (APP) Tigers : LHP Jim Belcher
|
|
Batting: RHB Drew Coleman
|
0-0: Called Strike 0-1: Ball 1-1: Ball 2-1: Ground out 4-3 (Groundball, 4M, EV 99.4 MPH)
|
|
Batting: RHB Areda Obote
|
0-0: Ball 1-0: Ball 2-0: Ball 3-0: Foul Ball, location: 2F 3-1: Ground out 1-3 (Groundball, 15S, EV 70.6 MPH)
|
|
Batting: RHB John Moore
|
0-0: Ball 1-0: Ball 2-0: Ball 3-0: Called Strike 3-1: Swinging Strike 3-2: Fly out, F7 (Flyball, 7S, EV 89.4 MPH)
|
| Bottom of the 8th over - 0 runs, 0 hits, 0 errors, 0 left on base; Detroit (APP) 13 - Greeneville 5 |
| TOP OF THE 9TH |
|
Detroit (APP) Tigers batting - Pitching for Greeneville Astros : LHP Joey Callanta
|
|
Pinch Hitting: RHB Seth Fox
|
0-0: Ball 1-0: Foul Ball, location: 2F 1-1: Foul Ball, location: 2F 1-2: Strikes out looking
|
|
Pitching: RHP Steve Kelly
|
|
|
Batting: LHB Timotheus Young
|
0-0: Ball 1-0: Ball 2-0: Ball 3-0: Called Strike 3-1: Base on Balls
|
|
Batting: RHB Kevin Steed
|
0-0: Fly out, F7 (Flyball, 7S, EV 80.6 MPH)
|
|
Batting: RHB Ernst Meloche
|
0-0: Ball 1-0: Ball 2-0: Ball 3-0: Base on Balls Timotheus Young to second
|
|
Batting: RHB Norm Wood
|
0-0: Hit by Pitch Timotheus Young to third Ernst Meloche to second
|
|
Batting: RHB Nate Dabney
|
0-0: Called Strike 0-1: Ball 1-1: Ground out 1-3 (Groundball, 25, EV 68.8 MPH)
|
| Top of the 9th over - 0 runs, 0 hits, 0 errors, 3 left on base; Detroit (APP) 13 - Greeneville 5 |
| BOTTOM OF THE 9TH |
|
Greeneville Astros batting - Pitching for Detroit (APP) Tigers : LHP Jim Belcher
|
|
Now at 2B: Brandon Everett
|
|
|
Batting: RHB Keith Goodwin
|
0-0: Called Strike 0-1: Called Strike 0-2: Ball 1-2: Foul Ball, location: 2F 1-2: Foul Ball, location: 2F 1-2: Ball 2-2: Fly out, F3 (Popup, 23F, EV 91.9 MPH)
|
|
Pinch Hitting: RHB Jason Monico
|
0-0: Ball 1-0: Ball 2-0: Ball 3-0: Called Strike 3-1: Base on Balls
|
|
Pitching: RHP Bert Hernandez
|
|
|
Pinch Hitting: RHB Roger Pelley
|
0-0: SINGLE (Groundball, 56D, EV 98.8 MPH) Jason Monico to second
|
|
Batting: RHB Jarno van Lente
|
0-0: Ball 1-0: Ball 2-0: Ball 3-0: Called Strike 3-1: Foul Ball, location: 2F 3-2: Strikes out looking
|
|
Batting: LHB Gong Tow
|
0-0: Ball 1-0: Foul Ball, location: 2F 1-1: Foul Ball, location: 2F 1-2: Foul Ball, location: 2F 1-2: Strikes out swinging
|
| Bottom of the 9th over - 0 runs, 1 hit, 0 errors, 2 left on base; Detroit (APP) 13 - Greeneville 5 |
|